 Dungeon Crawl Stone Soup version 0.30-a0-760-g5a9884bb7c (webtiles) character file.

Game seed: 7045231148942386241

60 boo the Shield-Bearer (level 3, 0/33 HPs)
             Began as a Minotaur Fighter on Feb 11, 2023.
             Succumbed to an adder's poison
             ... on level 2 of the Dungeon.
             The game lasted 00:01:01 (989 turns).

boo the Shield-Bearer (Minotaur Fighter)             Turns: 989, Time: 00:01:02

Health: 0/33       AC:  7    Str: 22    XL:     3   Next: 82%
Magic:  2/2        EV:  9    Int:  5    God:
Gold:   88         SH:  4    Dex:  9    Spells: 2/2 levels left

rFire   . . .      SeeInvis .    a - +0 long sword
rCold   . . .      Faith    .    c - +0 buckler
rNeg    . . .      Spirit   .    b - +0 scale mail
rPois   .          Reflect  .    (helmet restricted)
rElec   .          Harm     .    (no cloak)
rCorr   .          Rampage  .    (no gloves)
Will    .....                    (no boots) Stlth
                                 (no amulet)
HPRegen 0.25/turn                (no ring)
MPRegen 0.08/turn                (no ring)

@: lethally poisoned (0 -> -7)
A: horns 2, retaliatory headbutt
a: no special abilities


You were on level 2 of the Dungeon.
You visited 1 branch of the dungeon, and saw 2 of its levels.

You collected 88 gold pieces.

Inventory:

Hand Weapons
 a - a +0 long sword (weapon)
Armour
 b - a +0 scale mail (worn)
 c - a +0 buckler (worn)
Scrolls
 f - 2 scrolls of immolation {unknown}
 h - 2 scrolls of identify {unknown}
 i - 2 scrolls of teleportation {unknown}
Potions
 d - a potion of might
 e - a potion of berserk rage {unknown}
 g - a potion of resistance {unknown}


   Skills:
 + Level 4.1 Fighting
 * Level 3.7 Long Blades
 + Level 4.1 Armour
 + Level 4.2 Shields


You had 2 spell levels left.
You didn't know any spells.
Your spell library contained the following spells:

 Spells                   Type           Power      Damage    Failure   Level
 Sublimation of Blood     Necr           0%         N/A       95%         2
 Petrify                  Tmut/Erth      0%         N/A       100%        4
 Irradiate                Conj/Tmut      0%         3d11      100%        5


Dungeon Overview and Level Annotations

Branches:
Dungeon (2/15)

Altars:


Innate Abilities, Weirdness & Mutations

You have a pair of horns on your head.
You reflexively headbutt those who attack you in melee.


Message History

The adder poisons you! The hobgoblin barely misses you.
You closely miss the adder.
You feel sick. The adder bites you but does no damage. The hobgoblin hits you.
The adder bites you.
You are more poisoned.
The adder poisons you!
You barely miss the adder.
You feel very sick.
The hobgoblin hits you but does no damage.
The adder bites you. The hobgoblin hits you. The adder closely misses you.
You miss the adder. You headbutt the adder.
The adder is moderately wounded.
* * * LOW HITPOINT WARNING * * *
You feel very sick. The adder bites you but does no damage.
The hobgoblin hits you but does no damage.
You closely miss the adder.
The adder is moderately wounded.
You feel sick. The adder bites you.
* * * LOW HITPOINT WARNING * * *
You block the hobgoblin's attack. The adder bites you but does no damage.
You slash the adder! Your headbutt misses the adder.
The adder is almost dead.
* * * LOW HITPOINT WARNING * * *
You feel sick. The hobgoblin barely misses you. You furiously retaliate!
You headbutt the hobgoblin, but do no damage.
The adder bites you but does no damage.
You miss the adder. Your headbutt misses the adder.
The adder is almost dead.
* * * LOW HITPOINT WARNING * * *
You feel sick. The adder bites you but does no damage.
The hobgoblin hits you but does no damage.
The adder bites you.
* * * LOW HITPOINT WARNING * * *
You are more poisoned.
The adder poisons you!
The hobgoblin hits you but does no damage.
You closely miss the adder.
The adder is almost dead.
You die...

.##.##.#.#.####
#......#
###..#(.####
##...### #########
# #...# ... # .###
#...# ### (. ...
#...# ..#
...##.###...######
..#.
..................
....
......g...).......
..#
..[...S@..........
..#
..##..###...######
### ..... .....#
..# #.##. #...$.#
[.+ # #.....# ..#
##...## ..# #....
#.### ...## ....#


You could see an adder and a hobgoblin.

Vanquished Creatures
  2 adders (D:2)
  A worm (D:2)
  A dart slug (D:1)
  3 endoplasms
  2 giant cockroaches (D:1)
  3 goblins
  3 hobgoblins (D:1)
  3 jackals (D:1)
  6 kobolds
  6 ball pythons
  3 frilled lizards
  4 rats
37 creatures vanquished.

Notes
Turn   | Place    | Note
-------+----------+-------------------------------------------
     0 | D:1      | boo the Minotaur Fighter began the quest for the Orb.
     0 | D:1      | Reached XP level 1. HP: 19/19 MP: 0/0
   124 | D:1      | Reached XP level 2. HP: 23/27 MP: 1/1
   362 | D:1      | Found a faded altar of an unknown god.
   788 | D:2      | Reached XP level 3. HP: 31/33 MP: 2/2
   988 | D:2      | HP: 1/33 [adder (1)]
   989 | D:2      | Succumbed to an adder's poison

Illustrated notes

Levels and vault maps discovered:
D:1:      ebering_trefoil_twist, layout_basic,
          hellmonk_ecumenical_altar_heavens_door
D:2:      minmay_spotlight, layout_loops_cross, basic_altar,
          chequers_serial_rivers_room_b, minmay_distorted

Skill      XL: |  1  2  3 |
---------------+----------+-----
Long Blades    | 3 |  3.7
Shields        | 4 |  4.2
Armour         | 4 |  4.1
Fighting       | 4 |  4.1

Action                     || total
---------------------------++-------
  Melee: Long sword        ||    99
         Headbutt          ||     8
 Armour: Scale mail        ||    52
  Dodge: Dodged            ||    56
  Block: Buckler           ||    23

Table legend: (Time is in decaauts)
 A = Elapsed time spent in this place.
 B = Non-inter-level travel time spent in this place.
 C = Inter-level travel time spent in this place.
 D = Time resting spent in this place.
 E = Time spent auto-exploring this place.
 F = Levels seen in this place.
 G = Mean time per level.
                   A        B        C        D        E       F      G
               +--------+--------+--------+--------+--------+-----+--------+
         Total |   1017 |    987 |     30 |     23 |    756 |   2 |  508.5 |
       Dungeon |   1017 |    987 |     30 |     23 |    756 |   2 |  508.5 |
               +--------+--------+--------+--------+--------+-----+--------+

Top non-repeatable levels by time:
     D:1: 791 daAuts
     D:2: 225 daAuts
